 Dungeon Crawl Stone Soup version 0.15-a0-2102-gacb6860 (webtiles) character file.

11089 Egon the Grappler (level 11, -22/166 HPs)
             Began as a Troll Monk on July 15, 2014.
             Annihilated by a large slime creature (29 damage)
             ... on Level 2 of the Pits of Slime.
             The game lasted 00:48:26 (9738 turns).

Egon the Grappler (Troll Monk)                      Turns: 9738, Time: 00:48:26

HP -22/166       AC 25     Str 19      XL: 11   Next: 44%
MP   0/4         EV  1     Int 11      God:
Gold 369         SH  0     Dex 13      Spells:  0 memorised, 10 levels left

rFire  + . .     SeeInvis .       - Unarmed
rCold  . . .     Clarity  .     a - melded +0 robe
rNeg   + + +     rCorr    .     (shield restricted)
rPois  +         rRot     .     (helmet restricted)
rElec  .         Spirit   .     r - melded +0 cloak
SustAb .         Warding  .     (gloves unavailable)
rMut   .         NoTele   +     (boots unavailable)
Gourm  +                        (no amulet)
MR     .....                    s - ring of positive energy
                                j - ring of protection from fire

@: confused, brilliant, tree-form, hasted, very quick, not resistant to hostile
enchantments, very unstealthy
A: unfitting armour, (claws 0), clumsy 1, (deformed body), fast metabolism 3,
gourmand, regeneration 2, saprovore 2, (shaggy fur 0), (tough skin 0), weak 1
a: no special abilities


You were on level 2 of the Pits of Slime.
You were full.
You were an animated tree.
You visited 4 branches of the dungeon, and saw 17 of its levels.
You also visited: Ossuary.

You collected 479 gold pieces.
You spent 110 gold pieces at shops.

Inventory:

Missiles
 J - 6 javelins (quivered)
Armour
 a - a +0 robe (melded)
 r - a +0 cloak (melded)
Magical devices
 i - a wand of lightning (5)
 k - a wand of cold (0)
 o - a wand of teleportation (1)
 u - a wand of disintegration (17)
 v - a wand of cold (5)
 A - a wand of flame (9)
 D - a wand of cold (4)
 F - a wand of confusion (9)
 L - a wand of lightning (5)
 P - a wand of frost (13)
 Q - a wand of fireball (5)
 T - a wand of polymorph (19)
 V - a wand of draining (6)
Comestibles
 b - 7 meat rations
 d - a slice of pizza
 m - 3 fruits
 x - 5 bread rations
 H - 4 beef jerkies
 K - 8 royal jellies
 W - a chunk of adder flesh
Scrolls
 c - 3 scrolls of amnesia
 e - 2 scrolls of magic mapping
 f - 11 scrolls of teleportation
 l - 3 scrolls of remove curse
 n - a scroll of blinking
 q - 3 scrolls of recharging
 t - 3 scrolls of enchant weapon
 y - 4 scrolls of fog
 C - 3 scrolls of enchant armour
Jewellery
 j - a ring of protection from fire (left branch)
 s - a ring of positive energy (right branch)
 w - an uncursed ring of positive energy
 B - an uncursed ring of ice
 U - an uncursed ring of protection from magic {unknown}
Potions
 h - 2 potions of cure mutation
 p - a potion of resistance
 z - 2 potions of flight
 G - 3 potions of agility
 O - a potion of restore abilities
Books
 E - a Young Poisoner's Handbook

   Spells                             Type                      Level
   Sting                              Conjuration/Poison           1
   Cure Poison                        Poison                       2
   Mephitic Cloud                     Conjuration/Poison/Air       3
   Olgreb's Toxic Radiance            Poison                       4
   Venom Bolt                         Conjuration/Poison           5
 I - a book of Alchemy

   Spells                             Type                      Level
   Sublimation of Blood               Necromancy                   2
   Alistair's Intoxication            Transmutation/Poison         4
   Condensation Shield                Ice                          4
   Petrify                            Transmutation/Earth          4
   Ignite Poison                      Fire/Transmutation           5


   Skills:
 + Level 8.1 Fighting
 + Level 8.1 Dodging
 - Level 1.1 Stealth
 * Level 13.1 Unarmed Combat


You had 10 spell levels left.
You didn't know any spells.

Dungeon Overview and Level Annotations

Branches:
Dungeon (8/15)             Temple (1/1) D:4            Lair (6/8) D:8
  Slime (2/6) Lair:6
  Swamp: Lair:3-6    Shoals: Lair:3-6     Snake: Lair:3-6    Spider: Lair:3-6

Altars:
Ashenzari
Cheibriados
Dithmenos
Elyvilon
Fedhas
Gozag
Kikubaaqudgha
Makhleb
Nemelex Xobeh
Okawaru
Qazlal
Sif Muna
Trog
Xom
Yredelemnul
Zin
The Shining One

Shops:
D:4 [   D:8 *

Portals:
Labyrinth: Lair:6

Annotations:
Lair:4 exclusions: elephant and hydra
Lair:5 Fannar


Innate Abilities, Weirdness & Mutations

You are too large for most types of armour.
((You have claws for hands.))*
Your metabolism is lightning-fast.
You like to eat raw meat.
You heal very quickly.
You can eat rotten meat.
((You are covered in fur (AC +1).))*
((You have very tough skin (AC +2).))*
You are clumsy. (Dex -2)
((Armour fits poorly on your strangely shaped body.))*
You are weak. (Str -2)


Message History

The slime creature hits you but does no damage. x2
The large slime creature hits you!
* * * LOW HITPOINT WARNING * * *
You swing at nothing.
The slime creature hits you but does no damage.
The slime creature hits you!
* * * LOW HITPOINT WARNING * * *
The slime creature hits you.
* * * LOW HITPOINT WARNING * * *
You swing at nothing.
The golden eye blinks at you.
You are more confused.
The large slime creature hits you but does no damage.
The slime creature hits you.
* * * LOW HITPOINT WARNING * * *
Drink which item? (? for menu, Esc to quit)
You feel yourself speed up. The slime creature hits you.
* * * LOW HITPOINT WARNING * * *
The slime creature hits you but does no damage.
The large slime creature hits you!!
You die...

##. .##.....
.....#..
......... ##
.........
##.#.........
#...#........
##.#..JJ........
#.....♣GG.......
##....JJ....<...
#........>..>..
#..............
##.#...........
###...##..#..
##.#. .... ## .
... .


You could see a large slime creature, 3 slime creatures, an eye of draining and
a golden eye.

Vanquished Creatures
  Erica (Lair:1)
  2 black mambas
  An elephant (Lair:4)
  2 spiny frogs
  A fire drake (Lair:3)
  A polar bear (Lair:4)
  A queen bee (D:8)
  Prince Ribbit (D:4)
  3 blink frogs (Lair:1)
  3 basilisks
  2 golden eyes
  2 spriggans (Lair:4)
  Eustachio (D:7)
  2 hippogriffs
  The ghost of uri the Covert, an average SpEn (D:4)
  3 water moccasins
  7 porcupines
  6 wolves (Lair:4)
  A phantom (D:5)
  A black bear (Lair:4)
  An ice beast (D:7)
  An orc warrior (D:7)
  A sky beast (D:7)
  A necrophage (D:7)
  A centaur (D:6)
  An ogre (D:3)
  4 crocodiles
  Blork the orc (D:4)
  5 giant frogs
  A scorpion (D:8)
  17 killer bees (D:8)
  A giant frog zombie (D:7)
  7 jellies
  2 crimson imps (D:7)
  A giant frog skeleton (D:8)
  11 hounds
  Crazy Yiuf (D:3)
  5 orc priests
  4 worker ants
  3 iguanas
  3 orc wizards
  10 sheep
  An ogre zombie (D:7)
  3 big kobold zombies (Ossuary)
  A hound zombie (D:7)
  Terence (D:3)
  2 mummies
  6 gnolls
  10 adders
  21 green rats
  A giant mite (D:7)
  A shadow imp (D:6)
  An adder zombie (D:8)
  7 giant geckos
  4 oozes
  27 orcs
  A spectral bat (Ossuary)
  3 ball pythons
  11 bats
  A bat zombie (D:6)
  6 giant cockroaches
  9 gnoll zombies (Ossuary)
  5 goblins
  8 hobgoblins
  7 jackals
  10 quokkas
  3 bat simulacra (Ossuary)
  2 giant gecko skeletons
  4 giant newts
  3 goblin simulacra (Ossuary)
  4 goblin zombies
  4 hobgoblin zombies (Ossuary)
  8 kobolds
  3 kobold simulacra (Ossuary)
  3 kobold zombies (Ossuary)
  7 orc zombies (Ossuary)
  A quokka zombie (D:6)
  6 rats
  3 rat simulacra (Ossuary)
  5 spectral goblins (Ossuary)
  2 spectral kobolds (Ossuary)
  3 spectral rats (Ossuary)
332 creatures vanquished.

Vanquished Creatures (others)
  A hobgoblin zombie (Ossuary)
1 creature vanquished.

Grand Total: 333 creatures vanquished

Notes
Turn   | Place    | Note
--------------------------------------------------------------
     0 | D:1      | Egon, the Troll Monk, began the quest for the Orb.
     0 | D:1      | Reached XP level 1. HP: 22/22 MP: 1/1
   219 | D:1      | Reached XP level 2. HP: 29/29 MP: 1/1
   740 | D:2      | Reached XP level 3. HP: 36/36 MP: 2/2
  1029 | D:2      | Found a glowing silver altar of Zin.
  1029 | D:2      | Found a stormy altar of Qazlal.
  1101 | D:3      | Noticed an ogre
  1106 | D:3      | Killed an ogre
  1106 | D:3      | Reached skill level 5 in Unarmed Combat
  1106 | D:3      | Reached XP level 4. HP: 43/45 MP: 2/2
  1291 | D:3      | Noticed Terence
  1297 | D:3      | Killed Terence
  1297 | D:3      | Reached XP level 5. HP: 53/53 MP: 2/2
  1510 | D:3      | Noticed Crazy Yiuf
  1519 | D:3      | Killed Crazy Yiuf
  1971 | D:4      | Noticed uri's ghost (average SpEn)
  1978 | D:4      | Killed uri's ghost
  1978 | D:4      | Reached XP level 6. HP: 59/61 MP: 3/3
  2091 | D:4      | Noticed Prince Ribbit
  2097 | D:4      | Killed Prince Ribbit
  2097 | D:4      | Reached skill level 6 in Unarmed Combat
  2209 | D:4      | Noticed Blork the orc
  2217 | D:4      | Killed Blork the orc
  2217 | D:4      | Reached XP level 7. HP: 68/68 MP: 3/3
  2248 | D:4      | Found Uhuikich's Antique Armour Shop.
  2432 | D:4      | Found a deep blue altar of Sif Muna.
  2812 | D:4      | Found a staircase to the Ecumenical Temple.
  2822 | Temple   | Entered the Ecumenical Temple
  3056 | D:5      | Entered Level 5 of the Dungeon
  3166 | D:5      | Reached skill level 7 in Unarmed Combat
  3218 | D:5      | Found a snail-covered altar of Cheibriados.
  3289 | D:5      | Found an iron altar of Okawaru.
  3404 | D:5      | Found a bloodstained altar of Trog.
  3550 | D:5      | Found a basalt altar of Yredelemnul.
  3753 | D:6      | Reached XP level 8. HP: 20/79 MP: 3/3
  3880 | D:6      | Found a sand-covered staircase.
  3888 | Ossuary  | Entered an ossuary
  3958 | Ossuary  | Reached skill level 8 in Unarmed Combat
  5174 | D:7      | Noticed Eustachio
  5181 | D:7      | Killed Eustachio
  5181 | D:7      | Reached skill level 5 in Fighting
  5181 | D:7      | Reached skill level 5 in Dodging
  5223 | D:7      | Reached skill level 9 in Unarmed Combat
  5385 | D:7      | Reached XP level 9. HP: 82/88 MP: 4/4
  5732 | D:7      | Found a blossoming altar of Fedhas.
  5792 | D:8      | Found a staircase to the Lair.
  5861 | D:7      | Reached skill level 10 in Unarmed Combat
  6042 | D:8      | Found a blossoming altar of Fedhas.
  6322 | D:8      | Reached XP level 10. HP: 78/100 MP: 4/4
  6456 | D:8      | Reached skill level 11 in Unarmed Combat
  6680 | D:8      | Found Ifurritutaj's Assorted Antiques.
  6691 | D:8      | Bought a slimy orange potion for 17 gold pieces
  6691 | D:8      | Bought a fuming yellow potion for 17 gold pieces
  6691 | D:8      | Bought a glass wand for 76 gold pieces
  6933 | D:8      | Found an opulent altar of Gozag.
  7154 | Lair:1   | Entered Level 1 of the Lair of Beasts
  7403 | Lair:1   | Noticed Erica
  7417 | Lair:1   | Killed Erica
  7707 | Lair:2   | Reached skill level 12 in Unarmed Combat
  8119 | Lair:4   | Noticed a seven-headed hydra
  8132 | Lair:4   | Noticed an elephant
  8140 | Lair:4   | Noticed an elephant
  8140 | Lair:4   | Noticed an elephant
  8141 | Lair:4   | Noticed an elephant
  8699 | Lair:2   | Reached XP level 11. HP: 48/109 MP: 4/4
  8840 | Lair:4   | Noticed an elephant
  8927 | Lair:4   | Killed an elephant
  8944 | Lair:5   | Noticed Fannar
  8944 | Lair:5   | Noticed a five-headed hydra
  9353 | Lair:5   | Reached skill level 13 in Unarmed Combat
  9435 | Lair:6   | Found a labyrinth entrance.
  9530 | Lair:6   | Found a staircase to the Slime Pits.
  9553 | Lair:6   | Noticed a six-headed hydra
  9712 | Slime:1  | Entered Level 1 of the Pits of Slime
  9718 | Slime:1  | Gained mutation: You are clumsy. (Dex -2) [potion of mutation]
  9718 | Slime:1  | Gained mutation: You occasionally shout uncontrollably at your foes. [potion of mutation]
  9718 | Slime:1  | Lost mutation: You occasionally shout uncontrollably at your foes. [potion of mutation]
  9718 | Slime:1  | Gained mutation: You are weak. (Str -2) [a shining eye]
  9721 | Slime:1  | Gained mutation: Armour fits poorly on your strangely shaped body. [a shining eye]
  9738 | Slime:2  | HP: 7/166 [slime creature (5)]
  9738 | Slime:2  | Annihilated by a large slime creature

Action                   |  1- 3 |  4- 6 |  7- 9 | 10-12 || total
-------------------------+-------+-------+-------+-------++-------
Melee: Unarmed           |    69 |    65 |   447 |   338 ||   919
Evoke: Wand              |       |     1 |     5 |    12 ||    18
  Use: Scroll            |       |       |    20 |     9 ||    29
       Potion            |       |       |     6 |     8 ||    14
 Stab: Sleeping          |       |       |     2 |     1 ||     3
       Distracted        |       |       |     2 |       ||     2
       Confused          |       |       |       |     1 ||     1
  Eat: Chunk             |    11 |    12 |    40 |    29 ||    92
